 Dungeon Crawl Stone Soup version 0.29-a0-555-g3b24f45cc1 (webtiles) character file.

Game seed: 4217963838888914578

1074 Rohain the Destroyer (level 8, -18/57 HPs)
             Began as a Black Draconian Conjurer on June 7, 2022.
             Killed from afar by Maggie (22 damage)
             ... with a bolt of fire
             ... on level 6 of the Dungeon.
             The game lasted 00:11:38 (6453 turns).

Rohain the Destroyer (Black Draconian Conjurer)     Turns: 6453, Time: 00:11:38

Health: -18/57     AC:  7    Str:  9    XL:     8   Next: 7%
Magic:  3/16       EV: 12    Int: 27    God:
Gold:   282        SH:  0    Dex: 10    Spells: 12/17 levels left

rFire   . . .      SeeInvis .   f - +1 quarterstaff of Biegur {protect, rPois Will+}
rCold   . . .      Faith    .   (shield currently unavailable)
rNeg    + . .      Spirit   .   (body armour unavailable)
rPois   +          Reflect  .   (helmet restricted)
rElec   +          Harm     .   d - +0 cloak
rCorr   .          Rampage  .   (no gloves)
Will    +....                   (no boots)
Stlth   ++........              (no amulet)
HPRegen 0.19/turn               e - +6 ring of intelligence
MPRegen 0.15/turn               g - ring of positive energy

@: no status effects
A: breathe lightning, AC +6, unfitting armour, electricity resistance,
cold-blooded
a: Breathe Lightning


You were on level 6 of the Dungeon.
You visited 1 branch of the dungeon, and saw 6 of its levels.

You collected 282 gold pieces.

Inventory:

Hand Weapons
 c - a +2 dagger of speed
 f - the +1 quarterstaff of Biegur (weapon) {protect, rPois Will+}
   (You found it on level 3 of the Dungeon)

   It grants its wielder temporary protection when it strikes (+7 to AC).
   rPois:     It protects you from poison.
   Will:      It increases your willpower.
Armour
 d - a +0 cloak (worn)
 o - a +0 buckler
Jewellery
 e - a +6 ring of intelligence (left hand)
 g - a ring of positive energy (right hand)
 k - a ring of magical power
Wands
 q - a wand of flame (21)
 r - a wand of polymorph (6)
Scrolls
 b - 4 scrolls of identify
 i - 2 scrolls of amnesia
 l - a scroll of fog
Potions
 a - 2 potions of magic
 m - a potion of might {unknown}
 n - a potion of haste {unknown}
 p - a potion of cancellation {unknown}
 s - a potion of degeneration {unknown}


   Skills:
 - Level 0.1 Fighting
 - Level 1.7 Dodging
 - Level 1.7 Stealth
 + Level 5.4 Spellcasting
 + Level 8.0 Conjurations
 + Level 3.6 Air Magic


You had 12 spell levels left.
You knew the following spells:

 Your Spells              Type           Power      Damage    Failure   Level
a - Magic Dart            Conj           100%       1d8       1%          1
b - Searing Ray           Conj           100%       2d8       1%          2
c - Poisonous Vapours     Pois/Air       34%        N/A       4%          2

Your spell library contained the following spells:

 Spells                   Type           Power      Damage    Failure   Level
 Foxfire                  Conj/Fire      100%       2x1d9     1%          1
 Dazzling Flash           Conj/Hex       58%        N/A       4%          3
 Sting                    Tmut/Pois      28%        1d4       7%          1
 Fulminant Prism          Conj/Hex       14%        3d9       13%         4
 Iskenderun's Mystic Bla  Conj/Tloc      29%        2d7       13%         4
 Olgreb's Toxic Radiance  Pois           7%         N/A       56%         4
 Silence                  Hex/Air        8%         N/A       67%         5
 Agony                    Necr           7%         N/A       88%         5


Dungeon Overview and Level Annotations

Branches:
Dungeon (6/15)
 Temple: D:4-7

Altars:
Elyvilon
Fedhas
Nemelex Xobeh
Sif Muna

Annotations:
D:3 2 runed translucent doors, nobbins's ghost, amateur DrCj
D:6 Maggie


Innate Abilities, Weirdness & Mutations

You can breathe wild blasts of lightning.
Your glossy black scales are hard. (AC +6)
You cannot fit into any form of body armour.
You are resistant to electric shocks. (rElec)
You are cold-blooded and may be slowed by cold attacks.


Message History

Aiming: Searing Ray (safe; 1% risk of failure)
Press: ? - help, Shift-Dir - straight line, f - Maggie
Aim: Maggie, wielding a +1 vorpal scimitar and wearing +0 steam dragon scales (moderately wounded, very poisoned, 83% to hit)
The searing ray hits Maggie!
Maggie is heavily wounded. (Press . to maintain the ray.)
The searing ray hits Maggie.
Maggie is heavily wounded.
Maggie hits you with a +1 vorpal scimitar.
The searing ray hits Maggie!
Maggie is almost dead.
Maggie hits you with a +1 vorpal scimitar!
The searing ray hits Maggie!
Maggie is almost dead.
You finish channelling your searing ray.
Maggie drinks a potion.
Maggie is healed!
Unknown command.
Maggie casts a spell at you. The bolt of fire hits you!
* * * LOW HITPOINT WARNING * * *
Casting: Searing Ray (safe; 1% risk of failure)
Confirm with . or Enter, or press ? or * to list all spells.
Aiming: Poisonous Vapours (safe; 4% risk of failure)
Press: ? - help, Dir - move target, f/p - Maggie
Aim: Maggie, wielding a +1 vorpal scimitar and wearing +0 steam dragon scales (severely wounded, very poisoned) Poisonous vapours surround Maggie!
Maggie looks as sick as possible!
Maggie attacks as you move away!
Maggie hits you with a +1 vorpal scimitar.
* * * LOW HITPOINT WARNING * * *
x2
Okay, then.
Maggie gestures wildly while chanting.
Maggie attempts to bespell you! You resist with some effort.
Maggie casts a spell.
Maggie attempts to bespell you!
You are mesmerised by Maggie!
You break out of your daze!
You have got your breath back.
Maggie points at you and mumbles some strange words.
The bolt of fire hits you!!
You die...

#)###.....)...........#
#)# #.................#
#)###..######.........#
##...#.# #.......#
##.##.# ####.#.## .
#.##.# #[#.##.# #.@..#
###.....#
#####..#######......##
#........@............#
#.#.##.#####..#.###.##.#
# #.. .... #.# .# @#
#.#####. #.# .# # #.# #.
#.# .# #.# ##.##<#
#.####...#.# .
.....#.#)# .>.
#...#.###.#


You could see Maggie (very poisoned).

Vanquished Creatures
  A steam dragon (D:6)
  A water moccasin (D:6)
  2 black bears (D:5)
  A scorpion (D:5)
  2 howler monkeys (D:5)
  4 hounds
  2 iguanas
  4 orc wizards
  Robin (D:2)
  4 gnolls (D:6)
  7 adders
  A shadow imp (D:6)
  An ufetubus (D:5)
  A worm (D:3)
  4 dart slugs
  13 orcs
  4 endoplasms
  5 giant cockroaches
  11 goblins
  7 hobgoblins
  A jackal (D:3)
  2 quokkas
  5 ball pythons
  7 bats
  3 frilled lizards
  2 kobolds
  8 rats
104 creatures vanquished.

Notes
Turn   | Place    | Note
-------+----------+-------------------------------------------
     0 | D:1      | Rohain the Draconian Conjurer began the quest for the Orb.
     0 | D:1      | Reached XP level 1. HP: 14/14 MP: 3/3
   337 | D:1      | Found a faded altar of an unknown god.
   359 | D:1      | Got Plato's Grimoire of the Arsonist
   377 | D:1      | Reached XP level 2. HP: 20/20 MP: 3/5
   437 | D:1      | Learned a level 2 spell: Searing Ray
  1179 | D:2      | Reached skill level 5 in Conjurations
  1179 | D:2      | Reached XP level 3. HP: 26/26 MP: 0/6
  1524 | D:2      | Noticed Robin
  1569 | D:2      | Killed Robin
  2263 | D:3      | Found a runed translucent door.
  2481 | D:3      | Reached XP level 4. HP: 33/33 MP: 5/7
  2916 | D:3      | Identified the +1 quarterstaff of Biegur {protect, rPois
                  | Will+}
  3350 | D:3      | Found a runed translucent door.
  3383 | D:3      | Noticed nobbins's ghost (amateur DrCj)
  3550 | D:4      | Found a shimmering blue altar of Sif Muna.
  3723 | D:4      | Found a sparkling altar of Nemelex Xobeh.
  3745 | D:4      | Reached skill level 6 in Conjurations
  3745 | D:4      | Reached XP level 5. HP: 36/38 MP: 3/8
  4018 | D:4      | Found a white marble altar of Elyvilon.
  4343 | D:4      | Found a blossoming altar of Fedhas.
  4705 | D:5      | Entered Level 5 of the Dungeon
  4715 | D:5      | Reached XP level 6. HP: 45/45 MP: 1/11
  5303 | D:5      | Reached skill level 7 in Conjurations
  5458 | D:5      | Your scales start taking on a glossy black colour.
  5458 | D:5      | Reached XP level 7. HP: 39/50 MP: 3/13
  5458 | D:5      | Gained mutation: You are resistant to electric shocks.
                  | (rElec) [Black Draconian growth]
  5588 | D:5      | Learned a level 2 spell: Poisonous Vapours
  5708 | D:4      | Reached skill level 1 in Air Magic
  6126 | D:6      | Reached skill level 5 in Spellcasting
  6214 | D:6      | Noticed a steam dragon
  6222 | D:6      | Killed a steam dragon
  6235 | D:6      | Noticed Maggie
  6257 | D:6      | Reached XP level 8. HP: 29/57 MP: 5/15
  6272 | D:6      | Reached skill level 8 in Conjurations
  6445 | D:6      | HP: 2/57 [Maggie/+1 vorpal scimitar (2)]
  6453 | D:6      | Killed from afar by Maggie

Illustrated notes

Levels and vault maps discovered:
D:1:      lightli_arrival_quake, layout_basic,
          shapermc_ecumenical_altar_rom_forum
D:2:      layout_loops_ring, minmay_misc_feat_doors, solitary_fountain,
          uniq_robin
D:3:      minmay_general_purpose_star, layout_basic, ebering_ghost_sewer_f
D:4:      layout_basic, lemuel_tele_altar, mainiacjoe_overflow_big_doors,
          kennysheep_orc_sif_temple
D:5:      layout_cave_pools
D:6:      layout_loops_ring, mainiacjoe_overflow_paths, uniq_crazy_yiuf_cottage,
          uniq_maggie, uniq_sigmund

Skill      XL: |  1  2  3  4  5  6  7  8 |
---------------+-------------------------+-----
Conjurations   | 5 6 7 8 |  8.0
Spellcasting   | 3 4 5 |  5.4
Air Magic      | 3 |  3.6
Fighting       | |  0.1
Dodging        | |  1.7
Stealth        | |  1.7

Action                   |  1- 3 |  4- 6 |  7- 9 || total
-------------------------+-------+-------+-------++-------
Melee: Unarmed           |    39 |       |       ||    39
       Tailslap          |     6 |     2 |     3 ||    11
       Quarterstaff      |       |    36 |    34 ||    70
       Dagger            |       |     2 |       ||     2
 Cast: Magic Dart        |    64 |   110 |    17 ||   191
       Searing Ray       |     2 |     4 |     9 ||    15
       Poisonous Vapours |       |       |    14 ||    14
 Abil: Breathe Lightning |       |       |     1 ||     1
  Use: Scroll            |     7 |     2 |       ||     9
       Potion            |     1 |     1 |     2 ||     4
Armor: Skin              |    16 |    33 |    25 ||    74
Dodge: Dodged            |    32 |    30 |    31 ||    93

Table legend: (Time is in decaauts)
 A = Elapsed time spent in this place.
 B = Non-inter-level travel time spent in this place.
 C = Inter-level travel time spent in this place.
 D = Time resting spent in this place.
 E = Time spent auto-exploring this place.
 F = Levels seen in this place.
 G = Mean time per level.
                   A        B        C        D        E       F      G
               +--------+--------+--------+--------+--------+-----+--------+
         Total |   6480 |   6377 |    103 |   1497 |   3947 |   6 | 1080.0 |
       Dungeon |   6480 |   6377 |    103 |   1497 |   3947 |   6 | 1080.0 |
               +--------+--------+--------+--------+--------+-----+--------+

Top non-repeatable levels by time:
     D:4: 1576 daAuts
     D:2: 1323 daAuts
     D:3: 1315 daAuts
     D:5: 1068 daAuts
     D:1: 826 daAuts
     D:6: 370 daAuts
